 Dungeon Crawl Stone Soup version 0.19-a0-687-g35db334 (webtiles) character file.

93937 4thArraOfDagon the Brawler (level 15, -11/126 HPs)
             Began as a Troll Arcane Marksman on June 18, 2016.
             Was the Champion of Hepliaklqana.
             Hit by a large rock thrown by Polyphemus (39 damage)
             ... on level 3 of the Shoals.
             The game lasted 01:26:20 (12814 turns).

4thArraOfDagon the Brawler (Troll Arcane Marksman) Turns: 12814, Time: 01:26:21

Health: -11/126    AC: 24    Str: 23    XL:     15   Next: 62%
Magic:  19/19      EV: 12    Int: 14    God:    Hepliaklqana [******]
Gold:   1410       SH: 15    Dex: 14    Spells: 1 memorised, 14 levels left

rFire  + . .     SeeInvis .       - Unarmed
rCold  + + .     Gourm    +     S - +0 swamp dragon armour
rNeg   . . .     Faith    .     d - +2 shield of Resistance {rF+ rC+ MR+}
rPois  +         Spirit   .     X - +2 hat
rElec  .         Dismiss  .     K - +0 cloak {MR+}
rCorr  .         Reflect  .     (gloves unavailable)
SustAt .         Harm     .     (boots unavailable)
MR     +++..                    O - amulet of regeneration
Stlth  +.........               Q - +5 ring of dexterity
                                r - +5 ring of protection

@: extremely resistant to hostile enchantments, very unstealthy
A: unfitting armour, antennae 2, claws 3, iridescent scales 1, yellow scales 1,
cold resistance 1, fast metabolism 3, frail 1, gourmand, regeneration 2,
screaming 2, shaggy fur 1, tough skin 2, wild magic 1
a: Knight: Demon Trident, Knight: Broad Axe, Recall Ancestor, Ancestor Identity,
Transference, Idealise, Renounce Religion


You were on level 3 of the Shoals.
You worshipped Hepliaklqana.
Hepliaklqana was exalted by your worship.
You were full.

You visited 5 branches of the dungeon, and saw 28 of its levels.
You also visited: Labyrinth and Ice Cave.

You collected 2767 gold pieces.
You spent 1357 gold pieces at shops.

Inventory:

Hand Weapons
 a - a +0 blowgun
 e - a +1 scythe
Missiles
 c - 17 large rocks (quivered)
Armour
 d - the +2 shield of Resistance (worn) {rF+ rC+ MR+}
   (You bought it in a shop on level 7 of the Dungeon)

   It protects you from fire.
   It protects you from cold.
   It affects your resistance to hostile enchantments.
 C - a +1 robe of magic resistance
 K - a +0 cloak of magic resistance (worn)
 S - a +0 swamp dragon armour (worn)
 X - a +2 hat (worn)
Magical Staves
 y - an uncursed staff of wizardry {!a}
Rods
 s - a +2 rod of clouds (10/10)
   (You took it off a minotaur in a labyrinth)
 P - a +2 iron rod (9/9)
   (You found it in a labyrinth)
Jewellery
 r - a +5 ring of protection (left claw)
 I - the ring of Tommuj {-Tele rPois rF+ rC+ rN++}
   (You found it in an ice cave)

   [ring of poison resistance]

   It protects you from fire.
   It protects you from cold.
   It protects you from poison.
   It greatly protects you from negative energy.
   It prevents most forms of teleportation.
 O - an amulet of regeneration (around neck)
 Q - a +5 ring of dexterity (right claw)
 T - a +2 ring of slaying
Wands
 i - a wand of teleportation (6/9)
 p - a wand of disintegration (13/24)
 v - a wand of disintegration (9/24)
 z - a wand of iceblast (5/15)
 B - a wand of disintegration (3/24)
 G - a wand of digging (11/24)
 N - a wand of teleportation (4/9)
 Z - a wand of paralysis (10/24)
Scrolls
 h - 4 scrolls of enchant armour
 k - a scroll of silence
 l - 3 scrolls of immolation
 o - 2 scrolls of identify
 q - 7 scrolls of remove curse
 t - 3 scrolls of blinking
 u - 2 scrolls of fog
 w - 4 scrolls of recharging
 J - a scroll of summoning
 L - a scroll of torment
Potions
 g - a potion of haste
 m - a potion of invisibility
 n - 3 potions of ambrosia
 x - a potion of berserk rage
 A - 2 potions of flight
 D - 3 potions of cure mutation
 E - 6 potions of curing
 F - 4 potions of agility
 H - 4 potions of brilliance
 M - 2 potions of heal wounds
 R - 2 potions of magic
 V - 3 potions of might
 W - 2 potions of cancellation
Books
 Y - a Necronomicon

   Spells                             Type                      Level
   a - Haunt                          Necromancy/Summoning         7
   b - Borgnjor's Revivification      Necromancy                   8
   c - Death's Door                   Charms/Necromancy            8
   d - Necromutation                  Transmutation/Necromancy     8
Miscellaneous
 b - a lamp of fire
 U - 2 boxes of beasts
Comestibles
 f - 13 bread rations
 j - 5 meat rations


   Skills:
 - Level 7.1 Fighting
 - Level 1.7 Throwing
 + Level 6.7 Dodging
 - Level 13.1 Shields
 - Level 16.0 Unarmed Combat
 - Level 1.0 Spellcasting
   Level 2.0 Hexes
 - Level 7.3 Invocations
 * Level 7.4 Evocations


You had 14 spell levels left.
You knew the following spells:

 Your Spells              Type           Power        Failure   Level  Hunger
a - Sublimation of Blood  Necr           #.........   80%         2    ###....


Dungeon Overview and Level Annotations

Branches:
Dungeon (15/15)            Temple (1/1) D:6            Lair (6/6) D:8
 Shoals (4/4) Lair:2       Spider (0/4) Lair:2        Slime (0/5) Lair:6
    Orc (2/2) D:12            Elf (0/3) Orc:2        Vaults (0/5) D:13
 Depths (0/5) D:15

Altars:
Dithmenos
Elyvilon
Fedhas
Gozag
Hepliaklqana
Kikubaaqudgha
Makhleb
Nemelex Xobeh
Pakellas
Qazlal
Ru
Sif Muna
Trog
Uskayaw
Xom
Yredelemnul
Zin
The Shining One
Beogh

Shops:
D:7 ![((   D:11 %   D:15 [   Orc:2 *[?(   Shoals:1 (

Annotations:
D:2 Robin
D:8 tstbtto's ghost, novice CeBe
D:12 Rupert
Lair:2 SHIAL:S
Shoals:3 Polyphemus
Shoals:4 Ilsuiw


Innate Abilities, Weirdness & Mutations

You are too large for most types of armour.
You have claws for hands.
Your metabolism is lightning-fast.
You like to eat raw meat.
You heal very quickly.
You are covered in fur. (AC +1)
You have very tough skin. (AC +2)
You have a pair of antennae on your head.
You are partially covered in iridescent scales. (AC +4)
You are partially covered in yellow scales. (AC +2)
Your flesh is cold resistant. (rC+)
You are frail. (-10% HP)
You sometimes yell uncontrollably at your foes.
Your spells are a little harder to cast, but a little more powerful.


Message History

Unknown command.
Unknown command.
Unknown command.
Unknown command.
You enter the shallow water.
Moving in this stuff is going to be slow.
Polyphemus throws a large rock.
You block the large rock.
You hear a splash.
You see here a large rock.
Unknown command.
Unknown command.
You see here 2 large rocks.
Unknown command.
c - 16 large rocks (gained 1) Unknown command.
c - 17 large rocks (gained 1) Unknown command.
Unknown command.
Polyphemus throws a large rock.
The large rock hits you!!!
You die...

≈≈≈≈......# ##..≈≈≈≈≈..≈..P...≈≈≈
≈≈≈≈..##..###..≈≈≈≈≈.....P......≈
≈≈≈≈..###.....≈≈.≈≈≈≈..........≈≈
≈≈≈≈.. ##.........≈≈≈≈...........
≈≈≈≈≈. #.........(≈≈...#####..Y..
≈≈. .#.....((.C≈....######<....
.........C###...((...........
≈.....≈≈...##..≈≈..≈.PP≈≈≈...
≈≈....≈≈≈....@.≈≈≈.(≈P.P.[>...
≈≈≈≈≈≈≈≈......P≈≈≈..P.PP...≈PP
≈≈≈≈≈≈≈≈≈P.P....≈≈≈..PP≈P≈≈≈≈≈
≈≈≈≈≈≈≈≈≈≈≈≈.≈≈≈≈≈≈≈P≈P≈≈≈≈≈≈
≈≈≈≈...≈≈≈≈≈P≈≈≈≈≈≈≈≈≈≈≈≈≈≈≈
≈≈..#.P≈≈≈≈P≈≈≈≈≈≈≈≈≈≈≈≈≈≈≈
...##.≈≈≈≈≈≈≈≈≈≈≈≈ ..≈≈≈≈≈≈P≈≈≈≈


You could see Polyphemus.

Vanquished Creatures
  Gastronok (Lair:3)
  Kirke (Shoals:1)
  A minotaur (Lab)
  A hydra (D:14)
  The ghost of tstbtto the Cleaver, a journeyman CeBe of Trog (Lair:2)
  A vault guard (D:13)
  A great orb of eyes (D:13)
  A merfolk avatar (Shoals:3)
  A catoblepas (Shoals:3)
  5 centaur warriors
  6 death yaks
  2 tengu warriors
  6 orc high priests (Orc:2)
  2 sea snakes
  A phantasmal warrior (D:15)
  4 harpies (Shoals:1)
  An orc knight (D:14)
  A necromancer (D:15)
  2 hill giants
  10 ugly things
  2 orc sorcerers (Orc:2)
  2 deep elf magi
  3 fauns (Shoals:2)
  3 cyclopes
  3 griffons
  10 slime creatures
  2 manticores
  Maurice (D:8)
  2 centaur zombies
  A black mamba (Lair:6)
  A torpor snail (Lair:4)
  3 water nymphs
  5 elephants (Lair:5)
  An elf zombie (D:15)
  2 ice statues (IceCv)
  2 sirens (Shoals:1)
  3 gargoyles
  A spriggan skeleton (D:15)
  6 spiny frogs
  2 ice devils (D:14)
  4 rime drakes
  5 komodo dragons
  2 guardian mummies (D:15)
  A spriggan druid (Lair:6)
  2 trolls
  2 harpy zombies (Shoals:2)
  A wolf spider simulacrum (D:14)
  A wind drake (Shoals:2)
  7 polar bears (Lair:6)
  Grinder (D:3)
  A two-headed ogre (D:11)
  2 merfolk
  6 snapping turtles
  A boulder beetle (Orc:2)
  A harpy skeleton (D:14)
  13 blink frogs
  A meliai zombie (D:12)
  Sigmund (D:3)
  2 centaur simulacra (D:14)
  4 water elementals
  3 redbacks (Lair:6)
  11 spriggans (Lair:6)
  A wyvern (D:15)
  A human (D:13)
  6 hungry ghosts
  4 basilisks
  18 yaks
  A steam dragon (D:11)
  7 vampire mosquitoes (D:15)
  4 hippogriffs
  A mottled dragon (D:13)
  9 wargs
  5 water moccasins
  A soldier ant (D:11)
  A swamp drake (D:8)
  4 porcupines
  9 orc warriors
  A phantom (D:12)
  3 wasps
  7 black bears (Lair:6)
  2 sky beasts
  19 ice beasts
  4 ogres
  18 wolves
  23 centaurs
  9 crocodiles
  2 big kobolds (D:11)
  7 giant frogs
  A wyvern skeleton (D:14)
  4 scorpions
  2 troll zombies (D:12)
  3 killer bees (D:9)
  13 wights
  3 electric eels
  7 howler monkeys
  7 crimson imps
  A giant frog zombie (D:6)
  3 jellies
  3 hounds
  2 quasits
  30 orc priests
  12 orc wizards
  A giant frog skeleton (D:4)
  6 iguanas
  7 worker ants
  10 sheep
  5 ogre zombies (D:12)
  2 hound skeletons
  A howler monkey zombie (D:6)
  A worker ant zombie (D:5)
  A howler monkey skeleton (D:4)
  10 gnolls
  11 river rats
  6 adders
  A shadow imp (D:10)
  A white imp (D:14)
  2 adder skeletons
  2 adder zombies (D:7)
  A worm (D:3)
  5 dart slugs
  4 giant geckos
  71 orcs
  A ball python (D:4)
  3 giant cockroaches
  2 hobgoblins
  7 jackals
  11 kobolds
  3 quokkas
  2 bats (D:2)
  A giant newt (D:3)
  5 goblins
  A goblin skeleton (D:12)
  5 hobgoblin zombies (D:12)
  A jackal zombie (D:7)
  10 orc zombies (D:12)
  A quokka skeleton (D:5)
  A quokka zombie (D:7)
  4 rats
640 creatures vanquished.

Vanquished Creatures (collateral kills)
  A fire dragon (D:15)
  An ice dragon (IceCv)
  A hydra (Lair:4)
  A centaur warrior (D:15)
  A tengu warrior (D:15)
  A death yak (Shoals:3)
  2 orc high priests
  The ghost of tstbtto the Cleaver, a novice CeBe of Trog (D:9)
  A sea snake (Shoals:3)
  An ugly thing (D:15)
  A griffon (Shoals:1)
  A manticore (Shoals:4)
  A black mamba (Lair:6)
  A faun (Shoals:2)
  2 spiny frogs
  An elf zombie (D:15)
  A troll (Orc:2)
  A merfolk (Shoals:1)
  A minotaur skeleton (Lab)
  A blink frog (Lair:5)
  2 centaur simulacra (D:14)
  A shadow (D:14)
  A deep troll skeleton (D:15)
  A yak (Lair:6)
  A hungry ghost (D:12)
  A hippogriff (Lair:5)
  A vampire mosquito (D:15)
  2 wargs
  A water moccasin (Lair:6)
  A porcupine (Lair:2)
  3 ice beasts (IceCv)
  2 orc warriors (D:14)
  A wasp (Lair:6)
  A black bear (Lair:6)
  A wolf (Lair:6)
  2 ogres
  3 centaurs
  A crocodile (D:8)
  3 giant frogs
  2 jellies
  A wight (D:14)
  A howler monkey (D:8)
  An electric eel (Lair:2)
  4 orc priests
  A giant frog skeleton (D:12)
  An orc wizard (D:8)
  A killer bee zombie (D:7)
  2 sheep
  An ogre zombie (D:12)
  2 adders
  A river rat (Lair:5)
  A giant gecko (D:8)
  7 orcs
  2 jackals (D:8)
  2 hobgoblin zombies (D:12)
  A kobold (D:11)
  2 orc skeletons (D:12)
  2 orc zombies (D:12)
  A fungus (Lair:6)
87 creatures vanquished.

Vanquished Creatures (others)
  An ice dragon (IceCv)
  7 knights
  4 ancestors
  An orc (Orc:2)
  A plant (Shoals:3)
  A withered plant (D:15)
15 creatures vanquished.

Grand Total: 742 creatures vanquished

Notes
Turn   | Place    | Note
--------------------------------------------------------------
     0 | D:1      | 4thArraOfDagon the Troll Arcane Marksman began the quest for the Orb.
     0 | D:1      | Reached XP level 1. HP: 18/18 MP: 1/1
     0 | D:1      | 4thArraOfDagon: yah
     0 | D:1      | magipi: mummy and naga, I was worried you'll pick octopod next
     0 | D:1      | 4thArraOfDagon: ok so this one will be
    74 | D:2      | Reached skill level 1 in Fighting
   156 | D:2      | Reached skill level 1 in Unarmed Combat
   193 | D:1      | Reached XP level 2. HP: 27/27 MP: 2/2
   239 | D:3      | Noticed Grinder
   256 | D:3      | Killed Grinder
   256 | D:3      | Reached skill level 5 in Unarmed Combat
   256 | D:3      | Reached XP level 3. HP: 33/33 MP: 3/3
   256 | D:3      | Reached XP level 4. HP: 41/41 MP: 4/4
   256 | D:3      | Reached XP level 5. HP: 48/48 MP: 5/5
   269 | D:3      | magipi: very nice
   295 | D:1      | 4thArraOfDagon: bag of exp :)
   307 | D:1      | Vidiiot: Yeh the new gods are op
   350 | D:2      | Vidiiot: I had a good char going but got wrecked by lucky klown in Z:5.
   371 | D:2      | Noticed Robin
   383 | D:3      | Noticed Sigmund
   402 | D:3      | Killed Sigmund
   402 | D:3      | Reached skill level 6 in Unarmed Combat
   402 | D:3      | Reached XP level 6. HP: 36/55 MP: 6/6
   493 | D:3      | magipi: by a klown? wtf
   500 | D:3      | Found a white marble altar of Elyvilon.
   521 | D:3      | Vidiiot: Killer Klown :p
   537 | D:3      | Vidiiot: It hit me for cold damage when I had no rC
   541 | D:3      | Found a shimmering altar of Xom.
   643 | D:4      | Found a glowing silver altar of Zin.
   648 | D:4      | magipi: and is that so bad? I though they were mostly harmless at that level
   652 | D:4      | Noticed a slave
   698 | D:4      | Vidiiot: The Killer Klown freezes you!!!
   712 | D:4      | Vidiiot: Not in this instance :p
   733 | D:4      | Reached skill level 7 in Unarmed Combat
   737 | D:4      | Reached XP level 7. HP: 57/62 MP: 7/7
   752 | D:4      | Found a bloodstained altar of Trog.
   878 | D:5      | Entered Level 5 of the Dungeon
  1026 | D:7      | Found Ifaihy's Antique Weapon Boutique.
  1030 | D:7      | Found Tunu's Antique Weapon Boutique.
  1049 | D:7      | Reached skill level 8 in Unarmed Combat
  1100 | D:7      | magipi: 2 fucking weapon shops? this is a disgrace
  1287 | D:7      | Found Riagair's Distillery.
  1287 | D:7      | Noticed a hungry ghost
  1301 | D:7      | Killed a hungry ghost
  1301 | D:7      | Reached skill level 9 in Unarmed Combat
  1301 | D:7      | Reached XP level 8. HP: 63/70 MP: 8/8
  1319 | D:7      | Bought a potion of curing for 33 gold pieces
  1319 | D:7      | Bought a potion of lignification for 33 gold pieces
  1319 | D:7      | Bought a potion of degeneration for 11 gold pieces
  1319 | D:7      | Bought a potion of flight for 33 gold pieces
  1367 | D:7      | Reached skill level 10 in Unarmed Combat
  1388 | D:7      | Found Qunkekk's Antique Armour Shoppe.
  1883 | D:5      | Reached skill level 11 in Unarmed Combat
  2070 | D:5      | Reached XP level 9. HP: 56/76 MP: 9/9
  2323 | D:5      | Noticed Eustachio
  2329 | D:5      | Noticed Eustachio
  2329 | D:5      | Eustachio changed into Eustachio the warg
  2337 | D:5      | Killed Eustachio the warg
  2401 | D:4      | Reached skill level 12 in Unarmed Combat
  2656 | D:6      | Found a staircase to the Ecumenical Temple.
  2701 | Temple   | Entered the Ecumenical Temple
  2719 | Temple   | 4thArraOfDagon: say, is it good?
  2725 | Temple   | Became a worshipper of Hepliaklqana
  2831 | D:8      | magipi: I think soon you can give the ancestor some abilities
  2904 | D:8      | magipi: warrior or hexer or i dunno what the 3rd optoin is
  2912 | D:8      | Found a stormy altar of Qazlal.
  2946 | D:8      | Noticed tstbtto's ghost (novice CeBe)
  2987 | D:9      | Reached skill level 1 in Invocations
  3129 | D:9      | magipi: knight, hexer, battlemage
  3140 | D:9      | Noticed tstbtto's ghost (novice CeBe)
  3224 | D:9      | Killed tstbtto's ghost
  3237 | D:9      | Reached * piety under Hepliaklqana
  3296 | D:10     | Entered Level 10 of the Dungeon
  3339 | D:10     | Noticed a gargoyle
  3360 | D:10     | Killed a gargoyle
  3360 | D:10     | Reached skill level 13 in Unarmed Combat
  3360 | D:10     | Reached XP level 10. HP: 85/91 MP: 11/11
  3419 | D:10     | Gained mutation: You are frail. (-10% HP) [mutagenic meat]
  3420 | D:10     | Gained mutation: Your flesh is cold resistant. (rC+) [mutagenic meat]
  3421 | D:10     | Gained mutation: Your magical capacity is low. (-10% MP) [mutagenic meat]
  3423 | D:10     | Lost mutation: Your magical capacity is low. (-10% MP) [mutagenic meat]
  3454 | D:10     | magipi: choice at **
  3749 | D:11     | Found Dubo's Food Boutique.
  3838 | D:11     | Noticed a cyclops
  3839 | D:11     | magipi: no useful robes dropped?
  3861 | D:11     | Killed a cyclops
  3877 | D:11     | Reached ** piety under Hepliaklqana
  3955 | D:11     | Noticed a gargoyle
  3970 | D:11     | Killed a gargoyle
  4011 | D:11     | Noticed a white ugly thing
  4018 | D:11     | Killed a white ugly thing
  4021 | D:11     | 4thArraOfDagon: naa
  4021 | D:11     | Identified a scroll of acquirement
  4033 | D:11     | magipi: nice
  4043 | D:11     | Gained mutation: You are weak. (Str -2) [mutagenic meat]
  4044 | D:11     | Gained mutation: You have a pair of small antennae on your head. [mutagenic meat]
  4097 | D:11     | Reached skill level 14 in Unarmed Combat
  4176 | D:12     | Found a sparkling altar of Nemelex Xobeh.
  4210 | D:12     | Noticed Rupert
  4283 | D:12     | Noticed a red ugly thing
  4290 | D:12     | Killed a red ugly thing
  4295 | D:12     | Gained mutation: Your spells are a little harder to cast, but a little more powerful. [mutagenic meat]
  4296 | D:12     | Gained mutation: Your flesh is heat resistant. (rF+) [mutagenic meat]
  4297 | D:12     | Gained mutation: You have large cloven feet. [mutagenic meat]
  4343 | D:12     | Reached skill level 5 in Invocations
  4353 | D:12     | Reached skill level 5 in Fighting
  4365 | D:12     | Reached XP level 11. HP: 47/91 MP: 13/13
  4430 | D:12     | Found a staircase to the Orcish Mines.
  4479 | Orc:1    | Entered Level 1 of the Orcish Mines
  4515 | Orc:1    | Remembered your ancestor Keminub as a knight
  4521 | Orc:1    | Noticed an orc high priest
  4589 | Orc:1    | Killed an orc high priest
  4836 | Orc:2    | Entered Level 2 of the Orcish Mines
  4873 | Orc:1    | magipi: how much is the shield of prot?
  5098 | Orc:2    | 4thArraOfDagon: 1k
  5099 | Orc:2    | BLOAX: https://www.youtube.com/watch?v=HaY6DLTAEAM
  5159 | Orc:2    | magipi: close
  5194 | Orc:2    | BLOAX: https://dl.dropboxusercontent.com/u/63152810/n/xcom/ajj_lmau_mcap.png
  5305 | Orc:2    | BLOAX: ih
  5401 | Orc:2    | Noticed an orc sorcerer
  5415 | Orc:2    | Killed an orc sorcerer
  5430 | Orc:2    | Found Turricvu's General Store.
  5433 | Orc:2    | Found a staircase to the Elven Halls.
  5484 | Orc:2    | Reached *** piety under Hepliaklqana
  5490 | Orc:2    | magipi: we have 1k
  5545 | Orc:2    | Noticed an orc high priest
  5549 | Orc:2    | Noticed a soul eater
  5550 | Orc:2    | BLOAX: correction: 1.1k
  5568 | Orc:2    | magipi: tele now?
  5605 | Orc:2    | Killed an orc high priest
  5605 | Orc:2    | Reached skill level 15 in Unarmed Combat
  5626 | Orc:2    | 4thArraOfDagon: ih
  5627 | Orc:2    | magipi: holy cow
  5692 | Orc:2    | BLOAX: standard fare
  5742 | Orc:2    | Found Woha's Armour Boutique.
  5742 | Orc:2    | Found Tofiff's Magic Scroll Emporium.
  5755 | Orc:2    | BLOAX: oy vey
  5755 | Orc:2    | Bought a scroll of teleportation for 39 gold pieces
  5793 | Orc:2    | BLOAX: a pearly armor of deceased dragon skin
  5871 | Orc:2    | Noticed an orc high priest
  5872 | Orc:2    | Noticed a sun demon
  5926 | Orc:2    | Killed an orc high priest
  5980 | Orc:2    | Found a roughly hewn altar of Beogh.
  6033 | Orc:2    | Noticed an orc high priest
  6042 | Orc:2    | Killed an orc high priest
  6062 | Orc:2    | Noticed an orc high priest
  6062 | Orc:2    | Noticed an orc high priest
  6070 | Orc:2    | Killed an orc high priest
  6078 | Orc:2    | Killed an orc high priest
  6078 | Orc:2    | Reached XP level 12. HP: 71/103 MP: 16/16
  6085 | Orc:2    | Found Enuar's Distillery.
  6085 | Orc:2    | Found Dicemiro's Weapon Emporium.
  6158 | Orc:2    | Noticed an orc high priest
  6164 | Orc:2    | Noticed an orc high priest
  6167 | Orc:2    | Killed an orc high priest
  6170 | Orc:2    | Killed an orc high priest
  6366 | D:7      | Bought the +2 shield of Resistance {rF+ rC+ MR+} for 1068 gold pieces
  6381 | D:7      | magipi: uc looks good for now
  6460 | D:11     | 4thArraOfDagon: ya just let me hit round numba
  6559 | D:14     | magipi: read scrolls?
  6575 | D:14     | Reached skill level 1 in Shields
  6609 | D:14     | Gained mutation: You occasionally shout uncontrollably at your foes. [mutagenic meat]
  6610 | D:14     | Lost mutation: You are weak. (Str -2) [mutagenic meat]
  6611 | D:14     | Lost mutation: Your flesh is heat resistant. (rF+) [mutagenic meat]
  6635 | D:14     | Reached skill level 16 in Unarmed Combat
  6852 | D:14     | Reached skill level 5 in Shields
  6866 | D:14     | Noticed a seven-headed hydra
  6874 | D:14     | Killed a seven-headed hydra
  6909 | D:14     | Found a frozen archway.
  6925 | IceCv    | Entered an ice cave
  7072 | IceCv    | Noticed an ice dragon
  7072 | IceCv    | Noticed an ice dragon
  7083 | IceCv    | Killed an ice dragon
  7083 | IceCv    | Reached XP level 13. HP: 71/111 MP: 17/17
  7157 | IceCv    | Got a shimmering granite ring
  7158 | IceCv    | magipi: wow
  7158 | IceCv    | BLOAX: aloha snackbar
  7159 | IceCv    | Identified the ring of Tommuj {-Tele rPois rF+ rC+ rN++} (You found it in an ice cave)
  7171 | IceCv    | Got a serpentine granite ring
  7176 | IceCv    | magipi: throw away degeneration at least
  7177 | IceCv    | Identified the cursed ring "Vinam" {rF+ AC-2 Int+2} (You found it in an ice cave)
  7180 | IceCv    | BLOAX: oh and if you haven't checked the youpoop link i posted out then i can highly recommend it
  7181 | IceCv    | BLOAX: tis a very cool song
  7433 | D:14     | magipi: rip
  7504 | D:14     | Found a shadowy altar of Dithmenos.
  7733 | D:15     | Entered Level 15 of the Dungeon
  7795 | D:15     | Lost mutation: You have large cloven feet. [potion of mutation]
  7795 | D:15     | Gained mutation: You are partially covered in iridescent scales. (AC +4) [potion of mutation]
  7833 | D:15     | Noticed a fire dragon
  7840 | D:15     | Killed a fire dragon
  8000 | D:15     | Reached skill level 10 in Shields
  8035 | D:15     | Gained mutation: You sometimes yell uncontrollably at your foes. [mutagenic meat]
  8036 | D:15     | Gained mutation: You are partially covered in yellow scales. (AC +2) [mutagenic meat]
  8037 | D:15     | Lost mutation: Your flesh is cold resistant. (rC+) [mutagenic meat]
  8040 | D:15     | Gained mutation: You have a pair of antennae on your head. [mutagenic meat]
  8041 | D:15     | Gained mutation: You are very frail. (-20% HP) [mutagenic meat]
  8042 | D:15     | Lost mutation: You are very frail. (-20% HP) [mutagenic meat]
  8052 | D:15     | Reached **** piety under Hepliaklqana
  8229 | D:15     | Found a staircase to the Depths.
  8437 | D:15     | Reached XP level 14. HP: 117/118 MP: 18/18
  8472 | D:15     | Found Ojunkeustu's Antique Armour Shop.
  8482 | D:15     | Bought a glowing hat for 140 gold pieces
  8482 | D:15     | magipi: a hat?
  8681 | D:13     | Found a gate to the Vaults.
  9052 | D:9      | Gained mutation: Your flesh is cold resistant. (rC+) [potion of mutation]
  9073 | D:8      | Noticed Maurice
  9243 | D:8      | Found a hide-covered altar of Uskayaw.
  9247 | D:8      | Killed Maurice
  9338 | D:8      | Found a staircase to the Lair.
  9361 | Lair:1   | Entered Level 1 of the Lair of Beasts
  9422 | Lair:1   | Reached ***** piety under Hepliaklqana
  9557 | Lair:2   | Noticed tstbtto's ghost (journeyman CeBe)
  9568 | Lair:2   | Killed tstbtto's ghost
  9735 | Lair:2   | magipi: how much is shields now?
  9766 | Lair:2   | 4thArraOfDagon: almost 13
  9787 | Lair:2   | magipi: you are overtraining it
  9802 | Lair:2   | magipi: tr needs only 9
  9816 | Lair:2   | magipi: large species
  9838 | Lair:2   | Found a hole to the Spider Nest.
  9987 | Lair:4   | 4thArraOfDagon: ok just oone more
  9987 | Lair:4   | 4thArraOfDagon: oke?
  9987 | Lair:4   | BLOAX: ??shield[2
  9987 | Lair:4   | beem: shield[2/5]: You need 4/15/25 skill to eliminate evasion, melee speed, and casting penalties for bucklers/shields/large shields for normal races, 5.6/21/- for kobolds and halflings, 7.2/-/- for spriggans, 2.4/9/15 for nagas, centaurs, and formicids, -/9/15 for trolls and ogres.
 10072 | Lair:4   | magipi: beem is gamma's bot?
 10138 | Lair:5   | BLOAX: yes
 10253 | Lair:5   | Found a bloodstained altar of Trog.
 10270 | Lair:5   | magipi: !beem subscribe
 10271 | Lair:5   | beem: Subscribed. I will now watch all games of user magipi
 10285 | Lair:5   | Found a labyrinth entrance.
 10293 | Lair:5   | magipi: cool
 10294 | Lab      | Entered a labyrinth
 10461 | Lab      | BLOAX: a hatt
 10474 | Lab      | Identified the Incunabulum of the Nocuous Mountains (You found it in a labyrinth)
 10525 | Lair:5   | Reached skill level 1 in Evocations
 10591 | Lair:6   | Entered Level 6 of the Lair of Beasts
 10655 | Lair:6   | Identified a +2 rod of clouds (10/10) (You took it off a minotaur in a labyrinth)
 10809 | Lair:6   | Found a staircase to the Slime Pits.
 11149 | Lair:6   | Reached XP level 15. HP: 52/125 MP: 19/19
 11223 | Lair:6   | Reached skill level 5 in Dodging
 11443 | Lair:4   | Found a runed door.
 11510 | Lair:4   | Reached ****** piety under Hepliaklqana
 11575 | Lair:3   | Noticed Gastronok
 11592 | Lair:3   | Killed Gastronok
 11592 | Lair:3   | Reached skill level 5 in Evocations
 11798 | Lair:2   | Found a staircase to the Shoals.
 11809 | Shoals:1 | Entered Level 1 of the Shoals
 12009 | Shoals:1 | Found Jatuep's Antique Weapon Shop.
 12133 | Shoals:1 | Noticed Kirke
 12141 | Shoals:1 | Killed Kirke
 12251 | Shoals:2 | wrong buyttong
 12301 | Shoals:3 | Noticed Polyphemus
 12351 | Shoals:3 | Learned a level 2 spell: Sublimation of Blood
 12632 | Shoals:4 | Entered Level 4 of the Shoals
 12637 | Shoals:4 | Noticed Ilsuiw
 12814 | Shoals:3 | Hit by a large rock thrown by Polyphemus

Vault maps used:
D:1:      minmay_arrival_wavy_path, hangedman_abyss_or_decor_lesser_grid
D:2:      lemuel_crystal_altar, marbit_many_paths, lemuel_round_altar,
          uniq_robin
D:3:      lemuel_doored_altar, lemuel_crystal_altar, uniq_grinder, uniq_sigmund
D:4:      lemuel_coloured_pillars_altar, zin_academy, first_bread, uniq_pikel
D:5:      kennysheep_small_square, uniq_eustachio
D:6:      minmay_temple_entry_trees
D:7:      serial_shops, shop, shop, kennysheep_little_box, nicolae_shop_stone
D:8:      old_standard_altar, minitemple, erik_lair_dragon, uniq_maurice
D:9:      uniq_psyche
D:11:     serial_shops, shop_statue
D:12:     zombieorc2_lemuel, basic_altar, uniq_rupert
D:13:     david_vaults_5, grunt_livestock
D:14:     kennysheep_pointless_box, serial_ice, serial_ice_f, serial_ice_c,
          serial_ice_i, serial_ice_n, portal_ice_cave_demonic_guard,
          grunt_dithmenos_smoke_and_mirrors
D:15:     gammafunk_depths_entry_grave, minmay_misc_feat_room, serial_shops,
          shop
Temple:   circular_temple_12
Lair:2:   forest_paths, minmay_shoals_entry_hut, dummy_spider_entry
Lair:3:   uniq_gastronok
Lair:4:   pf_torpor_hydra, uniq_snorg
Lair:5:   lab_entry_generic, basic_altar, eino_small_chamber_without_monster,
          serial_bayou_ford_a, lemuel_old_faithful, grunt_megastairs_4
Lair:6:   minmay_lair_end_enchanted_forest, minmay_slime_entry_pillars
Shoals:1: serial_shops, shop, uniq_kirke
Shoals:2: nicolae_shoals_island_circles, nicolae_shoals_undead_eyrie
Shoals:3: uniq_polyphemus
Shoals:4: shoals_end_grunt_ice, shoals_ilsuiw_alternative
Orc:2:    st_orc_town, serial_shops, nicolae_shop_waterfront, rock_pile
Lab:      lab_fountain
IceCv:    ice_cave_small_dragons

Skill      XL: |  1  2  3  4  5  6  7  8  9 10 11 12 13 14 15 |
---------------+----------------------------------------------+-----
Fighting       | 1 3 5 6 7 |  7.1
Unarmed Combat | 1 5 6 7 9 11 13 14 15 16 | 16.0
Invocations    | 3 5 6 7 |  7.3
Shields        | 7 11 13 | 13.1
Dodging        | 4 6 |  6.7
Evocations     | 4 7 |  7.4
Throwing       | |  1.7
Spellcasting   | |  1.0
Hexes          | |  2.0

Action                   |  1- 3 |  4- 6 |  7- 9 | 10-12 | 13-15 || total
-------------------------+-------+-------+-------+-------+-------++-------
Melee: Unarmed           |    37 |    60 |   327 |   682 |  1181 ||  2287
       Punch             |       |       |    15 |    30 |       ||    45
       Kick              |       |       |       |   136 |    30 ||   166
Throw: Large rock        |       |     3 |     9 |    22 |    16 ||    50
       Throwing net      |       |       |     2 |     4 |       ||     6
Invok: Recall Ancestor   |       |       |       |     3 |     9 ||    12
       Ancestor Life: Kn |       |       |       |     1 |       ||     1
Evoke: Wand              |     2 |       |     1 |    10 |     4 ||    17
  Use: Scroll            |     2 |       |       |     8 |    34 ||    44
       Potion            |       |       |     1 |     4 |     3 ||     8
 Stab: Paralysed         |     8 |       |       |       |       ||     8
       Held in net/web   |       |       |       |     6 |       ||     6
       Distracted        |       |       |       |     4 |    15 ||    19
  Eat: Chunk             |     4 |     5 |    29 |    59 |    62 ||   159
       Beef jerky        |       |       |       |     1 |     3 ||     4
       Fruit             |       |       |       |     1 |       ||     1
Armor: Robe              |    12 |    18 |    66 |    22 |       ||   118
       Skin              |       |       |    69 |     7 |       ||    76
       Swamp dragon armo |       |       |       |   165 |   358 ||   523
Dodge: Dodged            |    13 |    19 |   111 |   190 |   258 ||   591
Block: Shield            |       |       |       |    59 |   646 ||   705
